 Dungeon Crawl Stone Soup version 0.31-a0-1424-g2add1c7226 (webtiles) character file.

Game seed: 16850129642336884471

24171 Rennog the Brawler (level 12, -7/111 HPs)
             Began as a Troll Monk on Dec 26, 2023.
             Was a Priest of Ru.
             Mangled by a troll (9 damage)
             ... on level 11 of the Dungeon.
             The game lasted 00:19:50 (11057 turns).

Rennog the Brawler (Troll Monk)                    Turns: 11057, Time: 00:19:52

Health: -7/111     AC:  9    Str: 24    XL:     12   Next: 78%
Magic:  11/11      EV: 13    Int:  6    God:    Ru [***...]
Gold:   575        SH:  0    Dex: 20    Spells: 11/11 levels left

rFire   . .          .
                       - Unarmed
rCold   . . .        c - orb {light}
rNeg    . . .        C - +0 steam dragon scales
rPois   .            (helmet restricted)
rElec   .            E - +0 cloak
rCorr   .            (gloves unavailable)
SInv    .            (boots unavailable)
Will    .....        (no amulet)
Stlth   x              - +6 ring of dexterity
HPRegen 1.18/turn    (no ring)
MPRegen 0.12/turn

%: no passive effects
@: spiked, glowing
A: large, unfitting armour, claws 3, regeneration 1, shaggy fur 1, tough skin 1,
no stealth, no ice magic, no alchemy magic, no summoning magic, unskilled 1,
frail 1, inability to drink after injury 1, MP-powered wands
a: Renounce Religion, Draw Out Power


You were on level 11 of the Dungeon.
You worshipped Ru.
Ru was most pleased with you.
You visited 3 branches of the dungeon, and saw 15 of its levels.

You collected 575 gold pieces.

Inventory:

Missiles
 G - 2 throwing nets
Armour
 a - a +0 robe
 c - an orb of light (worn)
 C - +0 steam dragon scales (worn)
 E - a +0 cloak (worn)
Jewellery
 b - a ring of see invisible
 h - a ring of flight
 x - a +6 ring of dexterity (left claw)
Wands
 r - a wand of digging (7)
 s - a wand of mindburst (9)
 D - a wand of paralysis (12)
 F - a wand of flame (13)
 L - a wand of roots (4)
Scrolls
 d - 2 scrolls of revelation {unknown}
 g - 4 scrolls of teleportation {unknown}
 i - 4 scrolls of amnesia {unknown}
 j - a scroll of immolation {unknown}
 k - 2 scrolls of brand weapon {unknown}
 m - 3 scrolls of summoning {unknown}
 n - 2 scrolls of enchant armour {unknown}
 o - 3 scrolls of identify {unknown}
 p - 4 scrolls of vulnerability {unknown}
 v - 4 scrolls of torment {unknown}
 y - a scroll of fog {unknown}
 H - a scroll of blinking {unknown}
 I - a scroll of fear {unknown}
 J - a scroll of noise {unknown}
Potions
 e - a potion of resistance {unknown}
 f - 3 potions of invisibility
 l - 2 potions of lignification {unknown}
 q - 2 potions of mutation
 t - a potion of magic {unknown}
 u - 3 potions of enlightenment
 w - a potion of brilliance {unknown}
 z - a potion of haste {unknown}
 A - 2 potions of heal wounds
 B - 7 potions of degeneration
 K - a potion of cancellation {unknown}


   Skills:
 + Level 9.4 Fighting
 + Level 4.5 Armour
 + Level 5.2 Dodging
 * Level 15.1 Unarmed Combat


You had 11 spell levels left.
You didn't know any spells.
Your spell library contained the following spells:

 Spells                   Type           Power      Damage    Failure   Level
 Fugue of the Fallen      Necr           0%         N/A       83%         3
 Tukima's Dance           Hex            0%         N/A       83%         3
 Anguish                  Hex/Necr       0%         N/A       99%         4
 Dimensional Bullseye     Hex/Tloc       0%         N/A       99%         4
 Iskenderun's Mystic Bla  Conj/Tloc      0%         2d3       99%         4
 Manifold Assault         Tloc           0%         N/A       99%         4
 Ensorcelled Hibernation  Hex/Ice        Unusable   N/A       N/A         2
 Mephitic Cloud           Conj/Alch/Air  Unusable   N/A       N/A         3
 Ozocubu's Armour         Ice            Unusable   N/A       N/A         3
 Leda's Liquefaction      Alch/Erth      Unusable   N/A       N/A         4

Dungeon Overview and Level Annotations

Branches:
Dungeon (11/15)            Temple (1/1) D:7            Lair (3/5) D:10
  Swamp (0/4) Lair:2
  Snake: Lair:2-3    Spider: Lair:2-3       Orc: D:9-12

Altars:
Ashenzari
Cheibriados
Dithmenos
Elyvilon
Fedhas
Gozag
Hepliaklqana
Kikubaaqudgha
Makhleb
Nemelex Xobeh
Okawaru
Qazlal
Ru
Sif Muna
Trog
Uskayaw
Vehumet
Wu Jian
Xom
Yredelemnul
Zin
The Shining One

Shops:
D:4 **

Annotations:
D:11 Psyche
Lair:1 3 runed translucent doors, liarliar's ghost, journeyman OnFE
Lair:3 Snorg


Innate Abilities, Weirdness & Mutations

You are too large for most types of armour.
You have claws for hands.
Your natural rate of healing is unusually fast.
You are covered in fur. (AC +1)
You have tough skin. (AC +1)
You cannot be stealthy.
You cannot study or cast Ice magic.
You cannot study or cast Alchemy magic.
You cannot study or cast Summoning magic.
You are somewhat unskilled. (-1 Apt)
You are frail. (-10% HP)
You occasionally lose the ability to drink potions when taking damage.
You expend magic power (3 MP) to strengthen your wands.


Message History

The manticore flicks its tail.
The volley of spikes skewers you!!
The barbed spikes become lodged in your body.
The gargoyle begins to attack, but is stunned by your conviction!
The barbed spikes dig painfully into your body as you move.
The manticore flicks its tail.
The volley of spikes skewers you!
The barbed spikes become lodged in your body.
* * * LOW HITPOINT WARNING * * *
The barbed spikes dig painfully into your body as you move.
* * * LOW HITPOINT WARNING * * *
The manticore flicks its tail.
The volley of spikes skewers you!
The barbed spikes become lodged in your body.
* * * LOW HITPOINT WARNING * * *
You focus your inner power and illuminate the manticore in retribution!
The manticore flicks its tail.
The volley of spikes skewers you!!
The barbed spikes become lodged in your body.
* * * LOW HITPOINT WARNING * * *
It was a potion of mutation.
You feel extremely strange.
You feel frail.
You occasionally lose the ability to drink potions when taking damage.
You feel your magical essence link to the dungeon's wands.
It was a potion of heal wounds.
You feel much better.
You mangle the manticore!!
The manticore is almost dead.
The manticore bites you!
* * * LOW HITPOINT WARNING * * *
The manticore misses you. The manticore barely misses you.
You mangle the manticore!!
You kill the manticore!
You scratch the troll.
The troll is severely wounded.
The troll bites you!
* * * LOW HITPOINT WARNING * * *
The troll claws you!
* * * LOW HITPOINT WARNING * * *
The troll claws you!
You die...

#...).#.# ###†..#
.# ##<[# .### #..#
..# #.(####..#
#....#?# . #..#..##
## #..#...# .$
#..###@## .###
#..##T†.# $...#
#..##898##$$$..#
#.......o.$$$$..
######
####..##8.8##O$$..#
.....###.....##...#
..$$#
.......CH##..###.##
.### ..C.O.#####..#
... #
(<..O.....#..#.###.


You could see an orc knight, a troll and a gargoyle.

Vanquished Creatures
  2 catoblepae
  A two-headed ogre (D:10)
  A bog body (Lair:2)
  An orc knight (D:10)
  Pikel (D:6)
  8 elephants
  2 manticores
  4 cyclopes (D:11)
  An ugly thing (D:10)
  5 cane toads
  Maggie (D:8)
  A gargoyle (D:10)
  3 komodo dragons
  A troll (D:11)
  Prince Ribbit (D:6)
  A hornet (D:11)
  4 blink frogs (Lair:1)
  2 shadows (D:11)
  5 wraiths
  A vampire (D:10)
  4 wyverns
  30 yaks
  A steam dragon (D:7)
  Edmund (D:6)
  A basilisk (D:10)
  A swamp worm (Lair:2)
  12 water moccasins
  2 acid dragons
  3 sky beasts
  2 orc warriors
  An ice beast (D:6)
  4 black bears
  A wolf (Lair:2)
  3 centaurs
  A phantom (D:4)
  2 lemures (D:5)
  7 kobold brigands
  11 bullfrogs
  3 scorpions
  A gnoll sergeant (D:9)
  7 killer bees
  4 howler monkeys
  2 electric eels (Lair:2)
  2 bombardier beetles (D:5)
  2 hounds (D:5)
  4 jellies
  6 orc priests
  A gnoll bouda (D:7)
  3 iguanas
  5 orc wizards
  Robin (D:3)
  10 gnolls
  9 adders
  2 white imps (D:8)
  2 worms
  4 dart slugs
  16 orcs
  12 ball pythons
  7 bats
  5 endoplasms
  4 giant cockroaches
  8 goblins
  12 hobgoblins
  4 jackals
  34 kobolds
  7 quokkas
  2 frilled lizards
  10 rats
322 creatures vanquished.

Notes
Turn   | Place    | Note
-------+----------+-------------------------------------------
     0 | D:1      | Rennog the Troll Monk began the quest for the Orb.
     0 | D:1      | Reached XP level 1. HP: 22/22 MP: 0/0
   107 | D:1      | Reached XP level 2. HP: 26/29 MP: 1/1
   389 | D:2      | Reached XP level 3. HP: 36/36 MP: 2/2
   522 | D:2      | Reached skill level 4 in Unarmed Combat
   816 | D:2      | Found a faded altar of an unknown god.
   984 | D:3      | Found an ancient bone altar of Kikubaaqudgha.
   984 | D:3      | Found a shimmering blue altar of Sif Muna.
   985 | D:3      | Found a stormy altar of Qazlal.
  1026 | D:3      | Reached XP level 4. HP: 45/45 MP: 3/3
  1033 | D:3      | Found a hide-covered altar of Uskayaw.
  1214 | D:3      | Noticed Robin
  1236 | D:3      | Killed Robin
  1264 | D:3      | Reached skill level 5 in Unarmed Combat
  1264 | D:3      | Reached XP level 5. HP: 53/53 MP: 4/4
  1865 | D:4      | Found Riydizo's Serpentskin Sales.
  1901 | D:4      | Found Qiacuat's Assorted Antiques.
  1916 | D:4      | Got the Book of Degeneration
  1933 | D:4      | Noticed a phantom
  1941 | D:4      | Killed a phantom
  1942 | D:4      | Reached skill level 6 in Unarmed Combat
  1942 | D:4      | Reached XP level 6. HP: 41/62 MP: 5/5
  2423 | D:5      | Entered Level 5 of the Dungeon
  2810 | D:5      | Reached XP level 7. HP: 62/71 MP: 6/6
  2866 | D:5      | Reached skill level 7 in Unarmed Combat
  3185 | D:6      | Reached skill level 5 in Fighting
  3185 | D:6      | Reached skill level 8 in Unarmed Combat
  3217 | D:6      | Reached XP level 8. HP: 80/80 MP: 7/7
  3493 | D:6      | Noticed Edmund
  3503 | D:6      | Killed Edmund
  3527 | D:6      | Noticed Pikel
  3555 | D:6      | Killed Pikel
  3556 | D:6      | Reached skill level 9 in Unarmed Combat
  3634 | D:6      | Noticed Prince Ribbit
  3646 | D:6      | Killed Prince Ribbit
  3647 | D:6      | Reached skill level 10 in Unarmed Combat
  4036 | D:7      | Found an ornate altar of the Wu Jian Council.
  4229 | D:7      | Reached XP level 9. HP: 88/89 MP: 8/8
  4245 | D:7      | Found a burning altar of Makhleb.
  4249 | D:7      | Found a glowing silver altar of Zin.
  4249 | D:7      | Noticed an angel
  4250 | D:7      | Noticed an Executioner
  4441 | D:7      | Found a staircase to the Ecumenical Temple.
  4450 | Temple   | Entered the Ecumenical Temple
  4471 | Temple   | Became a worshipper of Ru the Awakened
  4478 | Temple   | Gained mutation: You are somewhat unskilled. (-1 Apt) [Ru
                  | sacrifice]
  4478 | Temple   | Reduced skill Fighting to level 5
  4478 | Temple   | Reduced skill Unarmed Combat to level 9
  4478 | Temple   | Reached * piety under Ru
  4929 | D:8      | Noticed Maggie
  5142 | D:8      | Found an iron altar of Okawaru.
  5152 | D:8      | Reached skill level 10 in Unarmed Combat
  5363 | D:8      | Killed Maggie
  5622 | D:8      | Reached skill level 11 in Unarmed Combat
  5630 | D:8      | Reached XP level 10. HP: 93/100 MP: 9/9
  5969 | D:9      | Found a broken altar of Ashenzari.
  6197 | D:9      | Found a snail-covered altar of Cheibriados.
  6204 | D:9      | Found a sparkling altar of Nemelex Xobeh.
  6445 | D:9      | Gained mutation: You cannot study or cast Ice magic. [Ru
                  | sacrifice]
  6445 | D:9      | Gained mutation: You cannot study or cast Alchemy magic.
                  | [Ru sacrifice]
  6445 | D:9      | Gained mutation: You cannot study or cast Summoning magic.
                  | [Ru sacrifice]
  6445 | D:9      | Reached ** piety under Ru
  6449 | D:9      | Reached skill level 12 in Unarmed Combat
  6583 | D:10     | Entered Level 10 of the Dungeon
  6654 | D:10     | Noticed a gargoyle
  6666 | D:10     | Killed a gargoyle
  6948 | D:10     | Reached XP level 11. HP: 93/111 MP: 10/10
  6975 | D:10     | Reached skill level 13 in Unarmed Combat
  7237 | D:10     | Found a staircase to the Lair.
  7572 | D:11     | Noticed an ogre mage
  7574 | D:11     | Noticed a two-headed ogre
  7713 | D:11     | Reached skill level 1 in Armour
  7763 | D:11     | Noticed a two-headed ogre
  7837 | D:11     | Noticed an orc knight
  7838 | D:11     | Noticed a two-headed ogre
  7848 | D:10     | Killed a two-headed ogre
  7905 | D:10     | Killed an orc knight
  8009 | D:11     | Noticed a two-headed ogre
  8009 | D:11     | Noticed a two-headed ogre
  8009 | D:11     | Noticed a white ugly thing
  8009 | D:11     | Noticed Psyche
  8010 | D:11     | Noticed a purple ugly thing
  8011 | D:11     | Noticed a fire giant
  8082 | D:11     | Noticed a cyan ugly thing
  8154 | D:10     | Killed a cyan ugly thing
  8155 | D:10     | HP: 3/113 [killer bee (8)]
  8160 | D:10     | HP: 5/113 [killer bee (5)]
  8255 | Lair:1   | Entered Level 1 of the Lair of Beasts
  8277 | Lair:1   | Noticed a catoblepas
  8327 | Lair:1   | Killed a catoblepas
  8337 | Lair:1   | Reached skill level 14 in Unarmed Combat
  8357 | Lair:1   | Gained mutation: You cannot be stealthy. [Ru sacrifice]
  8357 | Lair:1   | Reached *** piety under Ru
  8412 | Lair:1   | Reached XP level 12. HP: 99/122 MP: 11/11
  8492 | Lair:1   | Noticed a minotaur
  8492 | Lair:1   | Noticed liarliar's ghost (journeyman OnFE)
  8493 | Lair:1   | Noticed a death yak
  8526 | Lair:1   | Found a runed translucent gate.
  8526 | Lair:1   | Found a runed translucent gate.
  8526 | Lair:1   | Found a runed translucent gate.
  9587 | Lair:2   | HP: 1/120 [elephant (11)]
  9599 | Lair:2   | HP: 3/122 [elephant (12)]
  9803 | Lair:2   | Noticed a catoblepas
  9809 | Lair:2   | Killed a catoblepas
 10504 | Lair:2   | Found a staircase to the Swamp.
 10566 | Lair:2   | Reached skill level 5 in Dodging
 10837 | Lair:3   | Noticed Snorg
 10973 | D:11     | Reached skill level 15 in Unarmed Combat
 11052 | D:11     | HP: 2/123 [manticore/volley of spikes (23)]
 11053 | D:11     | Gained mutation: You are frail. (-10% HP) [potion of
                  | mutation]
 11053 | D:11     | Gained mutation: You occasionally lose the ability to drink
                  | potions when taking damage. [potion of mutation]
 11053 | D:11     | Gained mutation: You expend magic power (3 MP) to
                  | strengthen your wands. [potion of mutation]
 11057 | D:11     | HP: 2/111 [troll (10)]
 11057 | D:11     | Mangled by a troll

Illustrated notes

Levels and vault maps discovered:
D:1:      mushboom_english_gardens, layout_rooms
D:2:      layout_rooms, dreamdust_ecumenical_altar_hidden_monk_grotto
D:3:      layout_basic, nicolae_uskayaw_murder_on_the_dancefloor,
          gammafunk_temple_overflow_forgotten, minmay_increasing_density,
          uniq_robin
D:4:      layout_basic, serial_shops, nicolae_shop_tiny_waterfront,
          serial_bayou_pond_a, guppyfry_shop_venom
D:5:      layout_basic, chequers_serial_rivers_small_a
D:6:      layout_cave_pods, uniq_pikel, uniq_prince_ribbit1, uniq_edmund
D:7:      layout_basic, grunt_temple_overflow_order_and_chaos_2,
          mainiacjoe_overflow_paths, minmay_temple_entry_junction
D:8:      layout_rooms, lemuel_tele_altar, blue_anna_alchemist, uniq_maggie
D:9:      layout_stronghold, ashenzari_altar_1, grunt_temple_overflow_open,
          serial_library_hellmonk_angled_corner
D:10:     layout_gridville, due_lair_maze_entry_diamond,
          statue_in_the_mist_lemuel
D:11:     minmay_the_grid_square_5x5_5x5 [minmay_the_grid_square_5x5_tie,
          minmay_the_grid_square_5x5_slash, minmay_the_grid_square_5x5_dogpile,
          minmay_the_grid_square_5x5_mess, minmay_the_grid_square_5x5_six_small,
          minmay_the_grid_square_5x5_inner_i,
          minmay_the_grid_square_5x5_prize_snowflake,
          minmay_the_grid_square_5x5_n_small,
          minmay_the_grid_square_5x5_prize_waves,
          minmay_the_grid_square_5x5_detours, minmay_the_grid_square_5x5_bridge,
          minmay_the_grid_square_5x5_v,
          minmay_the_grid_square_5x5_prize_monsterx,
          minmay_the_grid_square_5x5_corner,
          minmay_the_grid_square_5x5_eight_small,
          minmay_the_grid_square_5x5_tetrominoes,
          minmay_the_grid_square_5x5_prize_gold, minmay_the_grid_square_5x5_two,
          minmay_the_grid_square_5x5_prize_junk,
          minmay_the_grid_square_5x5_inset, minmay_the_grid_square_5x5_longway,
          minmay_the_grid_square_5x5_fancy_junction,
          minmay_the_grid_square_5x5_inverted_slash,
          minmay_the_grid_square_5x5_c, minmay_the_grid_square_5x5_minimal],
          layout_rooms, uniq_psyche
Temple:   nicolae_temple_ecumenical_triangle
Lair:1:   layout_cave_pods, maelrawn_ghost_gauntlet_escape,
          gauntlet_entry_generic, grunt_megastairs_4,
          infiniplex_staircase_pool_2
Lair:2:   layout_cave_pods, nicolae_swamp_entry_splash_gauntlet,
          serial_bayou_ford_a, infiniplex_staircase_pool
Lair:3:   layout_gridlike, minmay_snake_entry_six_corridors,
          gammafunk_ghost_necromancy, pond, uniq_snorg

Skill      XL: |  1  2  3  4  5  6  7  8  9 10 11 12 |
---------------+-------------------------------------+-----
Unarmed Combat | 4 5 6 8 10 11 12 14 15 | 15.1
Fighting       | 3 4 5 6 6 8 9 |  9.4
Armour         | 3 4 |  4.5
Dodging        | 4 5 |  5.2

Action                     |  1- 3 |  4- 6 |  7- 9 | 10-12 || total
---------------------------+-------+-------+-------+-------++-------
  Melee: Unarmed           |    90 |   122 |   203 |   485 ||   900
 Invoke: Sacrifice Skill   |       |       |     1 |       ||     1
         Sacrifice Arcana  |       |       |       |     1 ||     1
         Sacrifice Stealth |       |       |       |     1 ||     1
         Draw Out Power    |       |       |       |     1 ||     1
    Use: Potion            |       |       |       |     9 ||     9
   Stab: Invisible         |       |       |       |     4 ||     4
         Distracted        |       |       |       |     1 ||     1
 Armour: Robe              |    55 |    60 |    55 |       ||   170
         Steam dragon scal |       |       |    81 |   458 ||   539
  Dodge: Dodged            |    37 |    38 |   110 |   296 ||   481

Table legend: (Time is in decaauts)
 A = Elapsed time spent in this place.
 B = Non-inter-level travel time spent in this place.
 C = Inter-level travel time spent in this place.
 D = Time resting spent in this place.
 E = Time spent auto-exploring this place.
 F = Levels seen in this place.
 G = Mean time per level.
                   A        B        C        D        E       F      G
               +--------+--------+--------+--------+--------+-----+--------+
         Total |  10930 |   9725 |   1205 |    682 |   7177 |  15 |  728.7 |
       Dungeon |   8290 |   7759 |    531 |    510 |   5778 |  11 |  753.6 |
        Temple |     31 |      4 |     27 |      0 |      0 |   1 |   31.0 |
          Lair |   2608 |   1961 |    647 |    172 |   1399 |   3 |  869.3 |
               +--------+--------+--------+--------+--------+-----+--------+

Top non-repeatable levels by time:
    D:10: 1468 daAuts
  Lair:1: 1328 daAuts
  Lair:2: 1265 daAuts
     D:7: 981 daAuts
     D:6: 910 daAuts
     D:9: 876 daAuts
     D:4: 812 daAuts
     D:3: 719 daAuts
     D:8: 705 daAuts
     D:5: 672 daAuts
     D:2: 502 daAuts
     D:1: 371 daAuts
    D:11: 269 daAuts
  Temple: 31 daAuts
  Lair:3: 14 daAuts
